 Dungeon Crawl Stone Soup version 0.24.0-123-gd5b16e6ec5 (webtiles) character file.

Game seed: 17524565382730300973, levelgen mode: deterministic

69 Johnny the Digger (level 3, -10/26 HPs)
             Began as a Demigod Earth Elementalist on Feb 6, 2020.
             Mangled by Sigmund
             ... wielding a +0 scythe
              (11 damage)
             ... on level 2 of the Dungeon.
             The game lasted 00:01:26 (1101 turns).

Johnny the Digger (Demigod Earth Elementalist)      Turns: 1101, Time: 00:01:27

Health: -10/26     AC:  2    Str: 11    XL:     3   Next: 75%
Magic:  10/10      EV: 12    Int: 21    God:
Gold:   18         SH:  0    Dex: 16    Spells: 3/7 levels left

rFire    . . .     SeeInvis .   (no weapon)
rCold    . . .     Gourm    .   (no shield)
rNeg     . . .     Faith    .   c - +0 robe
rPois    .         Spirit   .   (no helmet)
rElec    .         Reflect  .   (no cloak)
rCorr    .         Harm     .   (no gloves)
MR       .....                  (no boots)
Stlth    ++........             (no amulet)
HPRegen  0.08/turn              (no ring)
MPRegen  0.12/turn              (no ring)

@: no status effects
A: high mp 1
a: no special abilities


You were on level 2 of the Dungeon.
You were not hungry.

You visited 1 branch of the dungeon, and saw 2 of its levels.

You collected 18 gold pieces.

Inventory:

Armour
 c - a +0 robe (worn)
Scrolls
 e - 2 scrolls of remove curse {unknown}
 f - 3 scrolls of identify {unknown}
 g - a scroll of enchant weapon {unknown}
 h - a scroll of teleportation {unknown}
Potions
 a - a potion of magic {unknown}
Comestibles
 b - a chunk of flesh
 d - 2 rations


   Skills:
 - Level 1.7 Dodging
 - Level 1.7 Stealth
 + Level 2.8 Spellcasting
   Level 0.8 Transmutations
 + Level 3.6 Earth Magic


You had 3 spell levels left.
You knew the following spells:

 Your Spells              Type           Power        Failure   Level  Hunger
a - Sandblast             Erth           ###...       3%          1    None
b - Stone Arrow           Conj/Erth      ##....       19%         3    ###....

Your spell library contained the following spells:

 Spells                   Type           Power        Failure   Level  Hunger
 Passwall                 Tmut/Erth      ##......     9%          2    ##.....
 Petrify                  Tmut/Erth      ##......     47%         4    ####...
 Lee's Rapid Deconstruct  Erth           ###.......   63%         5    ######.


Dungeon Overview and Level Annotations

Branches:
Dungeon (2/15)

Annotations:
D:2 Sigmund


Innate Abilities, Weirdness & Mutations

You have an increased reservoir of magic. (+10% MP)


Message History

There are monsters nearby!
Sigmund drinks a potion.
Sigmund seems to speed up.
Sigmund casts a spell at you.
You are confused.
The hobgoblin shouts!
You hear a shout!
Unknown command.
A hobgoblin comes into view. It is wielding a +0 club.
Sigmund closely misses you.
Sigmund hits you from afar with a +0 scythe.
Unknown command.
You feel less confused. Sigmund hits you but does no damage.
Unknown command.
Sigmund points at you and mumbles some strange words.
The puff of flame hits you!
* * * LOW HITPOINT WARNING * * *
There is a stone staircase leading up here.
Okay, then.
Sigmund hits you from afar with a +0 scythe!
You die...

#........# #........#
#........## #.........#
#.........# ###
#.........# #@#######
####.........###g#......
)..)...รท.......g@.......
............##.....$....
............##....$.....
.....#########..........
###### #..........
#.......... #..........


You could see Sigmund and 2 hobgoblins.

Vanquished Creatures
  Natasha (D:2)
  An ooze (D:1)
  A dart slug (D:1)
  A leopard gecko (D:1)
  4 bats (D:1)
  3 giant cockroaches (D:2)
  3 goblins
  7 hobgoblins
  4 jackals (D:1)
  3 kobolds (D:1)
  4 rats
32 creatures vanquished.

Notes
Turn   | Place    | Note
-------+----------+-------------------------------------------
     0 | D:1      | Johnny the Demigod Earth Elementalist began the quest for
                  | the Orb.
     0 | D:1      | Reached XP level 1. HP: 14/14 MP: 5/5
   262 | D:1      | Reached skill level 3 in Earth Magic
   319 | D:1      | Reached XP level 2. HP: 13/20 MP: 4/7
   723 | D:1      | Reached XP level 3. HP: 22/26 MP: 6/9
   996 | D:2      | Noticed Natasha
  1006 | D:2      | Killed Natasha
  1071 | D:2      | Learned a level 3 spell: Stone Arrow
  1089 | D:2      | Noticed Sigmund
  1098 | D:2      | HP: 1/26 [Sigmund/puff of flame (9)]
  1101 | D:2      | Mangled by Sigmund

Levels and vault maps discovered:
D:1:      arrival_zaba_pyramid, layout_loops_ring, minmay_tromino_v4_b
D:2:      minmay_roachtagon, layout_basic, first_ration,
          minmay_misc_feat_nine_boxes, uniq_sigmund, uniq_natasha

Skill      XL: |  1 |
---------------+----+-----
Spellcasting   | 2 |  2.8
Earth Magic    | 3 |  3.6
Dodging        | |  1.7
Stealth        | |  1.7
Transmutations | |  0.8

Action                   || total
-------------------------++-------
Melee: Unarmed           ||    58
 Cast: Sandblast         ||    33
 Stab: Sleeping          ||     2
  Eat: Chunk             ||     1
Armor: Robe              ||    12
Dodge: Dodged            ||    54
